 Dungeon Crawl Stone Soup version 0.28-a0-1344-g6b9ff3a05d (webtiles) character file.

Game seed: 5085740153584381760

11086 Delamore the Bludgeoner (level 11, 0/65 HPs)
             Began as a Gargoyle Fighter on Dec 29, 2021.
             Was a High Priest of Okawaru.
             Slain by a blink frog (12 damage)
             ... on level 2 of the Lair of Beasts.
             The game lasted 00:16:07 (13999 turns).

Delamore the Bludgeoner (Gargoyle Fighter)         Turns: 13999, Time: 00:16:07

Health: 0/65       AC: 24    Str: 24    XL:     11   Next: 72%
Magic:  13/13      EV:  8    Int:  9    God:    Okawaru [*****.]
Gold:   465        SH: 10    Dex:  9    Spells: 10/10 levels left

rFire   . . .      SeeInvis +   f - +1 morningstar (freeze)
rCold   . . .      Faith    .   c - +1 buckler
rNeg    + . .      Spirit   .   B - +0 chain mail
rPois   ∞          Reflect  +   M - +2 helmet {SInv}
rElec   +          Harm     .   (no cloak)
rCorr   .          Rampage  .   t - +0 pair of gloves
Will    .....                   a - +1 pair of boots
Stlth   ..........              G - amulet of reflection
HPRegen 0.20/turn               (no ring)
MPRegen 0.13/turn               (no ring)

@: about to teleport
A: sickness immunity, AC +8, negative energy resistance 1, electricity
resistance, torment resistance 1, petrification resistance
a: Renounce Religion, Heroism, Finesse, Duel


You were on level 2 of the Lair of Beasts.
You worshipped Okawaru.
Okawaru was extremely pleased with you.
You visited 3 branches of the dungeon, and saw 11 of its levels.
You also visited: Ossuary.

You collected 465 gold pieces.

Inventory:

Hand Weapons
 f - a +1 morningstar of freezing (weapon)
 C - a +1 morningstar of holy wrath
 E - a +0 mace of protection
Missiles
 b - 13 boomerangs
 s - 29 poisoned darts (quivered)
 L - 6 javelins
Armour
 a - a +1 pair of boots (worn)
 c - a +1 buckler (worn)
 j - the +9 plate armour of Privacy {*Slow +Blink rF+}
   (You found it on level 2 of the Dungeon)

   rF:        It protects you from fire.
   +Blink:    It lets you blink.
   *Slow:     It may slow you when you take damage.
 t - a +0 pair of gloves (worn)
 B - a +0 chain mail (worn)
 M - a +2 helmet of see invisible (worn)
Jewellery
 G - an amulet of reflection (around neck)
Wands
 v - a wand of polymorph (12)
 A - a wand of iceblast (3)
 F - a wand of acid (9)
 J - a wand of flame (29)
Scrolls
 l - 2 scrolls of blinking
 m - 6 scrolls of teleportation
 p - a scroll of immolation
 q - 2 scrolls of fear
 r - a scroll of magic mapping
 u - a scroll of silence
 y - 6 scrolls of enchant armour
 z - a scroll of fog
 H - a scroll of holy word
 K - a scroll of amnesia
Potions
 d - a potion of might
 e - a potion of haste
 g - 3 potions of lignification
 h - 2 potions of mutation {unknown}
 i - a potion of magic {unknown}
 k - 2 potions of brilliance
 n - a potion of ambrosia
 o - 3 potions of heal wounds
 w - 2 potions of curing {unknown}
 x - 2 potions of berserk rage {unknown}
 D - 2 potions of attraction {unknown}
 I - a potion of cancellation {unknown}


   Skills:
 + Level 6.3 Fighting
 - Level 16.0 Maces & Flails
 + Level 4.2 Throwing
 - Level 5.0 Armour
 - Level 4.0 Shields
 - Level 3.0 Invocations


You had 10 spell levels left.
You didn't know any spells.
Your spell library contained the following spells:

 Spells                   Type           Power      Damage    Failure   Level
 Pain                     Necr           0%         1d4       95%         1
 Agony                    Necr           0%         N/A       100%        5
 Excruciating Wounds      Necr           0%         N/A       100%        5


Dungeon Overview and Level Annotations

Branches:
Dungeon (8/15)             Temple (1/1) D:4            Lair (2/6) D:8
Ossuary (visited)
  Swamp: Lair:2-4    Shoals: Lair:2-4     Snake: Lair:2-4    Spider: Lair:2-4

Altars:
Ashenzari
Elyvilon
Hepliaklqana
Okawaru
Qazlal
Ru
Wu Jian
Zin
The Shining One

Shops:
D:7 *

Annotations:
Lair:2 1 transporter, exclusion: ice statue, Nesabuf's ghost, journeyman MiBe


Innate Abilities, Weirdness & Mutations

You are immune to sickness and miasma.
Your stone body is resilient. (AC +8)
You are immune to poison.
You resist negative energy. (rN+)
You are resistant to electric shocks. (rElec)
You are resistant to unholy torment.
You are immune to petrification.


Message History

You miss the blink frog.
The blink frog is moderately wounded.
The blink frog hits you.
The blink frog hits you but does no damage.
You miss the blink frog.
The blink frog is moderately wounded.
The blink frog blinks! x2; You block the blink frog's attack.
You closely miss the blink frog.
The blink frog is moderately wounded.
You block the blink frog's attack. x2
You puncture the blink frog! You freeze the blink frog.
The blink frog is heavily wounded.
You block the blink frog's attack. x3
You closely miss the blink frog.
The blink frog is heavily wounded.
The blink frog hits you but does no damage.
The blink frog blinks!
You block the blink frog's attack.
The blink frog hits you but does no damage.
You closely miss the blink frog. The blink frog closely misses you.
The ice statue glitters chillingly in the dim dungeon light.
The blink frog hits you! x2
* * * LOW HITPOINT WARNING * * *
The blink frog blinks!
The blink frog hits you!
* * * LOW HITPOINT WARNING * * *
You are too injured to fight recklessly!
You are too injured to fight recklessly!
You are too injured to fight recklessly!
You are too injured to fight recklessly!
You are too injured to fight recklessly!
You are too injured to fight recklessly!
You are too injured to fight recklessly!
You are too injured to fight recklessly!
You are too injured to fight recklessly!
You are too injured to fight recklessly!
You are too injured to fight recklessly!
You are too injured to fight recklessly!
You are too injured to fight recklessly!
As you read the scroll of teleportation, it crumbles to dust.
You feel strangely unstable. The blink frog hits you!
You die...

#.#... .... .# #.#..P
.>.. .# #.#... ....#
..##!##. ##... .....#
≈#.##..#..##....
......##8.......8##...##
.......##.hS.W$.##...##.
......§.##S###.##..##...
..F...F@F##lDF##..###...
#P...^..F.#####...#.....
##......P...©...........
##.....>...............
...F#.##.##....<.......
##....# #####.##......##
#..## #####.....# #..
##....# #.)..#


You could see an ice statue and 5 blink frogs.

Vanquished Creatures
  2 hydras (Lair:1)
  Erica (D:8)
  5 cane toads (Lair:1)
  Psyche (D:8)
  Maggie (D:8)
  3 komodo dragons (Lair:1)
  6 blink frogs (Lair:2)
  6 yaks (Lair:2)
  A wyvern (Lair:1)
  2 basilisks
  A steam dragon (D:6)
  4 water moccasins
  4 orc warriors
  4 black bears
  An ogre (D:6)
  2 necrophages
  4 wolves (Lair:1)
  A phantom (D:6)
  4 bullfrogs
  3 scorpions
  A water moccasin zombie (D:5)
  2 gnoll sergeants
  A wyvern skeleton (D:6)
  A howler monkey (D:6)
  4 wights (D:8)
  A bullfrog zombie (D:5)
  5 hounds
  5 centaur zombies
  A jelly (D:8)
  4 orc priests
  2 human zombies (Ossuary)
  2 bullfrog skeletons
  Natasha (thrice) (D:4)
  3 orc wizards
  3 iguanas
  A killer bee zombie (D:8)
  A hound zombie (D:5)
  4 mummies (Ossuary)
  A howler monkey zombie (D:6)
  11 gnolls
  12 adders
  A white imp (D:7)
  An ufetubus (D:7)
  3 adder zombies (Ossuary)
  A worm (D:3)
  34 orcs
  7 endoplasms
  5 giant cockroaches
  7 goblins
  9 hobgoblins
  6 quokkas
  9 ball pythons
  6 bats
  5 frilled lizards
  A goblin zombie (Ossuary)
  2 hobgoblin zombies (Ossuary)
  7 kobolds
  2 kobold zombies (Ossuary)
  An orc zombie (Ossuary)
  3 rats
  A rat zombie (Ossuary)
235 creatures vanquished.

Vanquished Creatures (others)
  7 fungi
  2 plants (Lair:2)
9 creatures vanquished.

Grand Total: 244 creatures vanquished

Notes
Turn   | Place    | Note
-------+----------+-------------------------------------------
     0 | D:1      | Delamore the Gargoyle Fighter began the quest for the Orb.
     0 | D:1      | Reached XP level 1. HP: 14/14 MP: 1/1
   140 | D:1      | Reached XP level 2. HP: 19/19 MP: 2/2
   905 | D:2      | Reached XP level 3. HP: 22/23 MP: 3/3
   968 | D:2      | Found a hazy altar of Hepliaklqana.
  1050 | D:2      | Identified the +9 plate armour of Privacy {*Slow +Blink
                  | rF+}
  1054 | D:2      | Reached skill level 3 in Maces & Flails
  1279 | D:2      | Noticed a floating eye
  1281 | D:2      | Found a faded altar of an unknown god.
  1282 | D:2      | Noticed a golden eye
  1282 | D:2      | Noticed a shining eye
  1282 | D:2      | Noticed a golden eye
  1913 | D:3      | Reached XP level 4. HP: 16/28 MP: 4/4
  1938 | D:3      | Reached skill level 4 in Maces & Flails
  2622 | D:3      | Reached XP level 5. HP: 30/32 MP: 5/5
  3101 | D:3      | Reached skill level 5 in Maces & Flails
  3691 | D:4      | Found a staircase to the Ecumenical Temple.
  3701 | Temple   | Entered the Ecumenical Temple
  3742 | Temple   | Became a worshipper of Warmaster Okawaru
  3870 | D:4      | Noticed Natasha
  3881 | D:4      | Reached XP level 6. HP: 32/37 MP: 6/6
  3898 | D:4      | Killed Natasha
  3899 | D:4      | Reached skill level 6 in Maces & Flails
  4225 | D:4      | Noticed a black bear
  4249 | D:4      | Noticed Natasha
  4275 | D:4      | Killed a black bear
  4284 | D:4      | Killed Natasha
  4284 | D:4      | Reached * piety under Okawaru
  4361 | D:4      | Reached skill level 7 in Maces & Flails
  4361 | D:4      | Reached XP level 7. HP: 24/41 MP: 7/7
  4606 | D:4      | Noticed Natasha
  4627 | D:4      | Killed Natasha
  4895 | D:5      | Entered Level 5 of the Dungeon
  5091 | D:5      | Reached skill level 1 in Invocations
  5451 | D:5      | Reached skill level 8 in Maces & Flails
  6119 | D:6      | Reached XP level 8. HP: 40/46 MP: 8/10
  6164 | D:6      | Reached ** piety under Okawaru
  6169 | D:6      | HP: 2/46 [orc (5)]
  6182 | D:6      | Found a sand-covered staircase.
  6187 | Ossuary  | Entered an ossuary
  6209 | Ossuary  | Reached skill level 9 in Maces & Flails
  7264 | D:6      | Reached skill level 10 in Maces & Flails
  7748 | D:6      | Reached XP level 9. HP: 50/51 MP: 11/11
  7788 | D:6      | Reached skill level 11 in Maces & Flails
  7973 | D:6      | Reached *** piety under Okawaru
  8480 | D:7      | Found Ahuch's Assorted Antiques.
  9030 | D:7      | Found a flagged portal.
  9041 | D:7      | Reached skill level 12 in Maces & Flails
  9723 | D:8      | Noticed Psyche
  9735 | D:8      | Killed Psyche
  9967 | D:8      | Reached skill level 13 in Maces & Flails
 10101 | D:8      | Reached XP level 10. HP: 18/56 MP: 12/12
 10323 | D:8      | Noticed Erica
 10619 | D:8      | Killed Erica
 10768 | D:8      | Noticed Maggie
 10782 | D:8      | Reached **** piety under Okawaru
 10792 | D:8      | Killed Maggie
 10793 | D:8      | Reached skill level 14 in Maces & Flails
 11072 | D:8      | Found a staircase to the Lair.
 11274 | Lair:1   | Entered Level 1 of the Lair of Beasts
 11582 | Lair:1   | Noticed a cane toad
 11589 | Lair:1   | Killed a cane toad
 11709 | Lair:1   | Noticed an eight-headed hydra
 11736 | Lair:1   | Noticed a cane toad
 11740 | Lair:1   | Killed an eight-headed hydra
 11740 | Lair:1   | Reached ***** piety under Okawaru
 11741 | Lair:1   | Reached skill level 15 in Maces & Flails
 11754 | Lair:1   | Killed a cane toad
 11868 | Lair:1   | Noticed a cane toad
 11988 | Lair:1   | Killed a cane toad
 11989 | Lair:1   | Reached XP level 11. HP: 56/60 MP: 13/13
 12080 | Lair:1   | Reached skill level 16 in Maces & Flails
 12352 | Lair:1   | Received a gift from Okawaru
 12409 | Lair:1   | Reached skill level 1 in Throwing
 12532 | Lair:1   | Received a gift from Okawaru
 12773 | Lair:1   | Noticed a seven-headed hydra
 12781 | Lair:1   | Killed a seven-headed hydra
 13217 | Lair:2   | Reached skill level 5 in Fighting
 13217 | Lair:2   | Reached skill level 5 in Armour
 13973 | Lair:2   | Found a transporter.
 13976 | Lair:2   | Noticed a four-headed hydra
 13979 | Lair:2   | Noticed Nesabuf's ghost (journeyman MiBe)
 13999 | Lair:2   | Slain by a blink frog

Illustrated notes

Levels and vault maps discovered:
D:1:      dpeg_arrival_boxorama, layout_basic, serial_rivers,
          chequers_serial_rivers_marsh, chequers_serial_rivers_micro_a,
          chequers_serial_rivers_large_a, chequers_serial_rivers_micro_a,
          chequers_serial_rivers_small_b, grunt_decor_mini_mirrors
D:2:      layout_basic, hellmonk_ecumenical_altar_watching_god, basic_altar,
          minmay_tromino_v2
D:3:      minmay_evil_eye, layout_basic
D:4:      layout_basic, minmay_temple_entry_statues_pillars, uniq_natasha
D:5:      layout_gridville
D:6:      layout_basic, enter_ossuary_2
D:7:      layout_basic, enter_bailey_4, serial_shops, shop
D:8:      layout_loops_ring, lair_entry_dummy, uniq_psyche, uniq_erica,
          uniq_maggie
Temple:   mainiacjoe_temple_archimedes_tessellation
Lair:1:   layout_cave_pods, grunt_megastairs_4
Lair:2:   layout_cave_pods, nzn_ghost_randoct

Skill      XL: |  1  2  3  4  5  6  7  8  9 10 11 |
---------------+----------------------------------+-----
Shields        | 4 |  4.0
Maces & Flails | 3 4 5 7 8 10 13 15 16 | 16.0
Invocations    | 3 |  3.0
Throwing       | 4 |  4.2
Armour         | 5 |  5.0
Fighting       | 6 |  6.3

Action                   |  1- 3 |  4- 6 |  7- 9 | 10-12 || total
-------------------------+-------+-------+-------+-------++-------
Melee: Flail             |   127 |   216 |   456 |       ||   799
       Morningstar       |       |       |    57 |   244 ||   301
       Unarmed           |       |       |       |     8 ||     8
Throw: Dart              |       |     1 |     7 |    13 ||    21
Invok: Heroism           |       |       |     8 |     7 ||    15
Evoke: Wand              |       |       |       |     7 ||     7
  Use: Scroll            |     5 |     3 |     7 |     3 ||    18
       Potion            |       |       |     2 |     2 ||     4
Armor: Scale mail        |    86 |   119 |   169 |       ||   374
       Chain mail        |       |       |   112 |    89 ||   201
Dodge: Dodged            |    59 |    77 |   231 |    55 ||   422
Block: Buckler           |    36 |    39 |   135 |    98 ||   308

Table legend: (Time is in decaauts)
 A = Elapsed time spent in this place.
 B = Non-inter-level travel time spent in this place.
 C = Inter-level travel time spent in this place.
 D = Time resting spent in this place.
 E = Time spent auto-exploring this place.
 F = Levels seen in this place.
 G = Mean time per level.
                   A        B        C        D        E       F      G
               +--------+--------+--------+--------+--------+-----+--------+
         Total |  13977 |  13531 |    446 |   3274 |   8041 |  12 | 1164.8 |
       Dungeon |  10733 |  10334 |    399 |   2689 |   5872 |   8 | 1341.6 |
        Temple |     72 |     39 |     33 |      0 |     29 |   1 |   72.0 |
          Lair |   2664 |   2650 |     14 |    432 |   1890 |   2 | 1332.0 |
       Ossuary |    507 |    507 |      0 |    153 |    250 |   1 |  507.0 |
               +--------+--------+--------+--------+--------+-----+--------+

Top non-repeatable levels by time:
  Lair:1: 2065 daAuts
     D:6: 1908 daAuts
     D:3: 1756 daAuts
     D:5: 1510 daAuts
     D:8: 1324 daAuts
     D:4: 1197 daAuts
     D:7: 1066 daAuts
     D:2: 1045 daAuts
     D:1: 924 daAuts
  Lair:2: 599 daAuts
 Ossuary: 507 daAuts
  Temple: 72 daAuts
